Map: Cyber Forest LE

Players

TSGSolar (Solar) - Winner!

  • Race: Zerg Zerg
  • League: Diamond
  • Spawn Location: 11:00

liquidthermy (uThermal)

  • Race: Terran Terran
  • League: Grandmaster
  • Spawn Location: 5:00

Event: 2019 Assembly Summer

VOD

Have the link to the VOD?

Description

Time

  • Played on: Aug. 1, 2019, 11:09 a.m.
  • Length: 7:29

All games in this series

Show
View Real Time Build Order
Export as new Build Order

TSGSolar Zerg - Winner!

Build Orders: Hatch First 

Get SALT Encoding   

  12  0:01  Drone  
  13  0:12  Overlord  
  13  0:17  Drone  
  14  0:30  Drone x2  
  16  0:48  Hatchery  
  15  0:52  Drone  
  15  0:55  Drone  
  17  0:58  Drone  
  18  1:09  Extractor  
  17  1:14  Spawning Pool  
  17  1:17  Drone  
  17  1:20  Drone  
  18  1:28  Drone  
  19  1:39  Drone  
  20  1:50  Overlord  
  20  2:00  Zergling x4  
  20  2:01  Queen x2  
  26  2:20  Drone x2  
  26  2:21  Metabolic Boost  
  28  2:26  Drone  
  28  2:31  Drone  
  28  2:36  Queen  
  28  2:37  Overlord  
  29  2:38  Drone  
  32  2:47  Drone x2  
  34  2:59  Hatchery, Drone  
  34  3:01  Drone  
  34  3:05  Drone  
  36  3:07  Drone  
  36  3:10  Drone  
  36  3:11  Drone  
  39  3:18  Queen  
  41  3:21  Overlord  
  41  3:24  Drone  
  41  3:26  Drone x2  
  44  3:31  Overlord  
  44  3:37  Overlord  
  44  3:42  Drone x2  
  44  3:44  Zergling x4  
  44  3:47  Drone x3  
  51  3:54  Drone  
  51  3:55  Queen  
  54  3:57  Overlord  
  54  4:01  Baneling Nest  
  54  4:02  Drone  
  54  4:05  Drone  
  55  4:11  Queen  
  55  4:14  Drone  
  55  4:15  Spore Crawler  
  55  4:16  Zergling x4  
  59  4:17  Drone x2  
  59  4:21  Spore Crawler  
  59  4:22  Drone  
  61  4:25  Drone x2  
  61  4:31  Drone, Lair  
  62  4:35  Drone, Extractor  
  62  4:36  Drone, Extractor  
  63  4:39  Overlord  
  63  4:40  Drone  
  63  4:42  Zergling x4  
  63  4:44  Zergling x2  
  67  4:47  Drone x2  
  67  4:48  Drone  
  67  4:51  Drone x2  
  72  4:53  Zergling x2  
  73  5:03  Overlord  
  73  5:04  Overlord  
  70  5:07  Drone x2  
  70  5:09  Drone x2  
  70  5:12  Drone x3, Evolution Chamber  
  70  5:14  Queen  
  75  5:20  Drone x3  
  75  5:21  Evolution Chamber  
  79  5:23  Overlord  
  79  5:24  Drone  
  79  5:26  Drone  
  79  5:27  Drone x2  
  83  5:30  Overseer  
  83  5:31  Drone  
  83  5:32  Drone  
  83  5:35  Centrifical Hooks  
  85  5:36  Drone  
  85  5:38  Extractor  
  85  5:49  Hatchery  
  84  5:57  Zergling x14  
  84  5:58  Zergling x2  
  84  6:00  Overlord  
  84  6:03  Zergling x6  
  95  6:05  Zergling x2  
  95  6:09  Overlord  
  95  6:10  Zergling x6  
  99  6:14  Drone  
  99  6:15  Drone  
  101  6:18  Baneling  
  101  6:19  Baneling x6  
  101  6:20  Baneling  
  101  6:21  Zergling x10  
  101  6:25  Baneling x2  
  106  6:26  Zergling x6  
  106  6:27  Zergling x2  
  106  6:32  Drone  
  111  6:34  Overlord  
  112  6:40  Zergling x2  
  112  6:43  Zergling x2  
  112  6:46  Zergling x4  
  115  6:47  Baneling x2  
  115  6:48  Zergling x6  
  115  6:54  Zergling x2  
  118  6:55  Baneling x2  
  118  6:57  Zergling x12  
  122  7:02  Zergling x4  
  122  7:03  Zergling x2  
  122  7:08  Baneling x12  
  120  7:11  Zergling x6  
Show
View Real Time Build Order
Export as new Build Order

liquidthermy Terran 

Build Orders: Liberator Opening, Reaper Expand 

Get SALT Encoding   

  12  0:01  SCV  
  13  0:13  SCV  
  14  0:17  Supply Depot  
  14  0:26  SCV  
  15  0:38  SCV  
  15  0:39  Barracks  
  16  0:43  Refinery  
  16  0:50  SCV  
  17  1:02  SCV  
  18  1:15  SCV  
  19  1:26  Reaper  
  19  1:27  Orbital Command  
  20  1:41  Command Center  
  20  1:49  Supply Depot  
  20  1:53  SCV  
  21  1:57  Marine  
  22  2:05  SCV  
  23  2:09  Factory  
  23  2:15  Refinery  
  23  2:17  SCV  
  23  2:20  Barracks Reactor  
  24  2:29  SCV  
  25  2:41  SCV  
  26  2:53  SCV  
  26  2:54  Orbital Command  
  26  2:56  Starport  
  27  3:03  Hellion  
  27  3:04  Hellion  
  27  3:05  Barracks Tech Lab, SCV  
  32  3:14  Supply Depot  
  32  3:17  SCV  
  32  3:19  Liberator  
  33  3:20  SCV  
  33  3:24  Hellion  
  33  3:26  Hellion  
  38  3:31  SCV  
  38  3:33  SCV  
  43  3:43  SCV  
  43  3:46  Hellion  
  43  3:47  Supply Depot  
  48  3:48  Hellion  
  48  3:50  SCV  
  48  3:55  SCV  
  50  4:02  SCV  
  51  4:07  SCV  
  52  4:11  Command Center  
  52  4:15  Supply Depot  
  52  4:17  Marine, SCV  
  52  4:20  Stimpack  
  52  4:21  Factory Tech Lab  
  52  4:23  SCV  
  55  4:30  SCV  
  56  4:34  Starport Reactor  
  56  4:35  Marine, Barracks x2  
  56  4:37  SCV  
  58  4:41  Siege Tank  
  58  4:43  SCV  
  62  4:57  Engineering Bay, SCV  
  62  4:59  Engineering Bay  
  61  5:02  Refinery, SCV  
  61  5:03  Marine, Refinery  
  60  5:09  SCV  
  60  5:14  Siege Tank, SCV  
  65  5:21  SCV  
  65  5:23  Marine x2  
  65  5:26  Starport Reactor, Terran Infantry Weapons Level 1, SCV  
  65  5:27  Marine, Terran Infantry Armor Level 1  
  70  5:31  Marine  
  70  5:33  Marine, SCV  
  73  5:39  SCV  
  73  5:40  Armory  
  73  5:41  Marine x2  
  76  5:47  Marine  
  76  5:48  Marine, Siege Tank  
  76  5:49  SCV  
  80  5:50  Orbital Command  
  80  5:53  Marine, SCV  
  80  5:55  Supply Depot  
  82  5:59  Marine x2  
  84  6:05  Marine  
  84  6:06  Supply Depot  
  85  6:16  Marine x2, Medivac x2, SCV x2  
  93  6:20  Barracks  
  93  6:21  Barracks  
  93  6:27  Marine x3, SCV  
  93  6:28  Supply Depot  
  93  6:30  Supply Depot  
  93  6:32  SCV  
  98  6:34  Marine x2  
  98  6:35  SCV  
  101  6:49  Marine, Medivac x2, SCV x2  
  101  6:51  Siege Tank, SCV  
  112  6:54  Supply Depot  
  112  6:56  Marine  
  109  7:01  SCV  
  109  7:02  Marine x2  
Tags
 
Add a new tag
Caveats
  • Supply blocks, unpowered buildings, or Contaminate may cause inaccurate times.
  • Supply counts are checked every 10 seconds.